 Dungeon Crawl Stone Soup version 0.23-a0-667-gc184e93 (console) character file.

63 Voker57 the Slasher (level 3, 0/28 HPs)
             Began as a Demonspawn Gladiator on Jan 8, 2019.
             Succumbed to a gnoll's poison
             ... on level 2 of the Dungeon.
             The game lasted 00:01:53 (822 turns).

Voker57 the Slasher (Demonspawn Gladiator)           Turns: 822, Time: 00:01:54

Health: 0/28       AC:  4    Str: 14    XL:     3   Next: 87%
Magic:  3/3        EV: 18    Int: 14    God:
Gold:   47         SH:  0    Dex: 20    Spells: 2/2 levels left

rFire    . . .     SeeInvis .   a - +0 long sword
rCold    . . .     Gourm    .   (no shield)
rNeg     . . .     Faith    .   b - +0 leather armour
rPois    .         Spirit   .   c - +0 helmet
rElec    .         Reflect  .   (no cloak)
rCorr    +         Harm     .   (no gloves)
MR       .....                  (no boots)
Stlth    +++.......             (no amulet)
HPRegen  0.09/turn              q - ring of resist corrosion
MPRegen  0.08/turn              (no ring)

@: brilliant, agile, lethally poisoned (0 -> -11)
A: powered by death 1
a: no special abilities


You were on level 2 of the Dungeon.
You were not hungry.

You visited 1 branch of the dungeon, and saw 2 of its levels.

You collected 47 gold pieces.

Inventory:

Hand Weapons
 a - a +0 long sword (weapon)
Missiles
 d - 2 throwing nets (quivered)
Armour
 b - a +0 leather armour (worn)
 c - a +0 helmet (worn)
Jewellery
 j - a cursed amulet of inaccuracy
 q - a ring of resist corrosion (left hand)
Scrolls
 g - 3 scrolls of identify
 n - a scroll of random uselessness {unknown}
Comestibles
 f - 3 rations
 p - a chunk of flesh


   Skills:
 + Level 2.6 Fighting
 * Level 3.6 Long Blades
 - Level 1.7 Throwing
 + Level 3.2 Dodging


You had 2 spell levels left.
You didn't know any spells.
Your spell library was empty.

Dungeon Overview and Level Annotations

Branches:
Dungeon (2/15)

Altars:


Innate Abilities, Weirdness & Mutations

You regenerate a little health from kills.


Message History

It is a scroll of amnesia.
You feel forgetful for a moment.
You feel sick. The gnoll closely misses you.
* * * LOW HITPOINT WARNING * * *
You feel sick.
You hit the worm.
The worm is lightly wounded.
* * * LOW HITPOINT WARNING * * *
You feel sick. The worm barely misses you.
The gnoll hits you from afar with a +3 spear of venom.
* * * LOW HITPOINT WARNING * * *
Your surroundings suddenly seem different.
* * * LOW HITPOINT WARNING * * *
You feel sick.
There is a lethal amount of poison in your body!
You aren't carrying any potions.
* * * LOW HITPOINT WARNING * * *
You feel sick.
* * * LOW HITPOINT WARNING * * *
You feel sick.
You die...

#.#.#
#...#..
#.#.#
##..#..
........#.#
#..#..
........#.#
#.....
........#.#
#..#..
........#.#
##.#..
........#.#
#....
........#.#
##...
........#.#
#(.g
.......@..#
#.).
..........#
##..
..........#
#g.
....#####.#
#g. ... #.#
....g....
.. #.#
###.....> .
..# #......
..# #......
..# #......
#......


There were no monsters in sight!

Vanquished Creatures
  A gnoll (D:2)
  2 adders (D:2)
  An ooze (D:2)
  A dart slug (D:1)
  A leopard gecko (D:1)
  3 giant cockroaches (D:1)
  5 goblins
  3 hobgoblins
  5 bats
  4 frilled lizards
  3 kobolds
  A rat (D:1)
30 creatures vanquished.

Notes
Turn   | Place    | Note
-------+----------+-------------------------------------------
     0 | D:1      | Voker57 the Demonspawn Gladiator began the quest for the
                  | Orb.
     0 | D:1      | Reached XP level 1. HP: 16/16 MP: 1/1
    90 | D:1      | Gained mutation: You regenerate a little health from kills.
                  | [demonic ancestry]
    90 | D:1      | Reached XP level 2. HP: 18/22 MP: 2/2
   519 | D:2      | Reached XP level 3. HP: 18/28 MP: 3/3
   821 | D:2      | HP: 1/28 [poisoned by a gnoll]
   822 | D:2      | Succumbed to a gnoll's poison

Vault maps used:
D:1:      dpeg_arrival_signposts
D:2:      ashenzari_altar_1, gammafunk_temple_overflow_elements,
          chequers_ecumenical_altar_simple, kennysheep_generic_room_15

Skill      XL: |  1  2 |
---------------+-------+-----
Long Blades    | 3 |  3.6
Dodging        | 3 |  3.2
Fighting       | |  2.6
Throwing       | |  1.7

Action                   || total
-------------------------++-------
Melee: Long sword        ||    95
Throw: Throwing net      ||     1
  Use: Potion            ||     5
       Scroll            ||     4
 Stab: Sleeping          ||     2
       Held in net/web   ||     1
Armor: Leather armour    ||    44
       Skin              ||    17
Dodge: Dodged            ||    88
       Rpst.: Long sword ||    33

Table legend:
 A = Non-vault XP
 B = Vault XP
 C = Vault XP percentage of total XP
 D = Non-vault monster count
 E = Vault monster count
 F = Vault count percentage of total count
                 A         B        C        D         E       F
            +---------+---------+-------+---------+---------+-------
      Total |      76 |      14 |  15.6 |      28 |       2 |   6.7
            +---------+---------+-------+---------+---------+-------
        D:1 |      28 |       0 |   0.0 |      17 |       0 |   0.0
        D:2 |      48 |      14 |  22.6 |      11 |       2 |  15.4
            +---------+---------+-------+---------+---------+-------
